 Dungeon Crawl Stone Soup version 0.30-b1-2-g02819fbbbe (webtiles) character file.

Game seed: 474175958278939519

8 Kold the Trooper (level 2, 15/24 HPs)
             Began as a Demonspawn Monk on Dec 21, 2023.
             Was a Believer of Qazlal.
             Quit the game on level 1 of the Dungeon.
             The game lasted 00:00:24 (253 turns).

Kold the Trooper (Demonspawn Monk)                   Turns: 253, Time: 00:00:25

Health: 15/24      AC:  3    Str: 11    XL:     2   Next: 0%
Magic:  2/2        EV: 13    Int: 11    God:    Qazlal [**....]
Gold:   20         SH:  3    Dex: 15    Spells: 1/1 levels left

rFire   . .          .
                       - Unarmed
rCold   . . .        c - orb {light}
rNeg    . . .        a - +0 robe
rPois   .            (no helmet)
rElec   .            (no cloak)
rCorr   .            (no gloves)
SInv    .            (no boots)
Will    .....        (no amulet)
Stlth   +            (no ring)
HPRegen 0.24/turn    (no ring)
MPRegen 0.08/turn

%: no passive effects
@: glowing
A: rugged brown scales 1
a: Renounce Religion, Upheaval


You were on level 1 of the Dungeon.
You worshipped Qazlal.
Qazlal was pleased with you.
You visited 1 branch of the dungeon, and saw 1 of its levels.

You collected 20 gold pieces.

Inventory:

Armour
 a - a +0 robe (worn)
 c - an orb of light (worn)
Scrolls
 d - a scroll of poison {unknown}
 e - a scroll of teleportation {unknown}
Potions
 b - a potion of ambrosia


   Skills:
 + Level 3.1 Fighting
 + Level 2.9 Dodging
 + Level 2.9 Unarmed Combat


You had one spell level left.
You didn't know any spells.
Your spell library was empty.

Dungeon Overview and Level Annotations

Branches:
Dungeon (1/15)

Altars:
Qazlal


Innate Abilities, Weirdness & Mutations

You are partially covered in rugged brown scales. (AC +1, +3% HP)


Message History

A rat comes into view.
You completely miss the goblin. The goblin hits you with a +0 club.
You barely miss the goblin. The goblin hits you but does no damage.
You barely miss the goblin. The goblin misses you.
The rat twitches its whiskers.
You barely miss the goblin. The goblin hits you with a +0 club.
You hit the goblin.
The goblin is moderately wounded.
The goblin hits you with a +0 club.
You are too injured to fight recklessly!
You are too injured to fight recklessly!
You are too injured to fight recklessly!
You hit the goblin.
The goblin is severely wounded.
The goblin misses you.
You hit the goblin.
You kill the goblin!
The rat bites you.
Things that are here:
a +0 club; a goblin corpse You hit the rat.
You kill the rat!
You have reached level 2!
Your demonic ancestry asserts itself...
Rugged brown scales grow over part of your body.
You see here a rat corpse.
Search for what [? for help]? faded
Things that are here:
a +0 club; a goblin corpse You see here a hobgoblin skeleton.
There is a faded altar of an unknown god here.
Unknown command.
Press < or > to pray at altars.
This altar belongs to (a) Yredelemnul, (b) Jiyva or (c) Qazlal, but you can't tell which.
Press the corresponding letter to learn more about a god, or press enter to convert or escape to cancel.
Qazlal accepts your prayer! Qazlal welcomes you!
You are now surrounded by a storm.
You can now call upon nature to destroy your foes.
Qazlal grants you and your divine allies immunity to clouds.
Are you sure you want to abandon this character and quit the game? (Confirm with "yes".)

#.......# #.......# #.......#
####.#### ### ###### #.#
#.###....# #.# #.#......# #.#
####### #.#.#.#### #.#
......#########.@...# #)#
#####......##......## #.#
...............÷÷### ##.#
#############.##.# ##..#
..###....##...##.########..###
......#......###....#........#
≈....###..#..................#
~.~..##......###.###.........#
.~....#......# #.# #.........#


There were no monsters in sight!

Vanquished Creatures
  A hobgoblin (D:1)
  2 ball pythons (D:1)
  3 goblins (D:1)
  2 rats (D:1)
8 creatures vanquished.

Notes
Turn   | Place    | Note
-------+----------+-------------------------------------------
     0 | D:1      | Kold the Demonspawn Monk began the quest for the Orb.
     0 | D:1      | Reached XP level 1. HP: 18/18 MP: 1/1
    22 | D:1      | Found a faded altar of an unknown god.
   226 | D:1      | Gained mutation: You are partially covered in rugged brown
                  | scales. (AC +1, +3% HP) [demonic ancestry]
   226 | D:1      | Reached XP level 2. HP: 8/24 MP: 2/2
   252 | D:1      | Prayed at the altar of an unknown god.
   252 | D:1      | Became a worshipper of Qazlal Stormbringer
   252 | D:1      | Reached * piety under Qazlal
   252 | D:1      | Reached ** piety under Qazlal
   253 | D:1      | Quit the game

Illustrated notes

Levels and vault maps discovered:
D:1:      dpeg_arrival_more_subterranean_lakeside_camping, layout_rooms,
          basic_ecumenical_altar, minmay_shallow_snake_nest

Action                     || total
---------------------------++-------
  Melee: Unarmed           ||    23
 Armour: Robe              ||     2
  Dodge: Dodged            ||     9
